 Dungeon Crawl Stone Soup version 0.29-a0-559-g359e09b9d1 (webtiles) character file.

Game seed: 8142457738625433387

22195 xian the Protected (level 12, -2/92 HPs)
             Began as a Demonspawn Gladiator on June 9, 2022.
             Was a Follower of Uskayaw.
             Slain by an ogre
             ... wielding a +0 giant club
              (9 damage)
             ... on level 2 of the Orcish Mines on June 10, 2022.
             The game lasted 00:49:30 (13901 turns).

xian the Protected (Demonspawn Gladiator)          Turns: 13901, Time: 00:49:32

Health: -2/92      AC: 26    Str: 18    XL:     12   Next: 60%
Magic:  0/12       EV:  2    Int: 11    God:    Uskayaw [*.....]
Gold:   1333       SH: 17    Dex: 15    Spells: 11/11 levels left

rFire   . . .      SeeInvis .   I - +8 Vampire's Tooth {vamp}
rCold   . . .      Faith    .   D - +2 kite shield
rNeg    . . .      Spirit   +   f - +0 crystal plate armour "Ippatsoqa" {rElec}
rPois   .          Reflect  .   K - +0 hat
rElec   +          Harm     .   (no cloak)
rCorr   +          Rampage  .   F - +0 pair of gloves
Will    .....                   v - +0 pair of boots
Stlth   ..........              j - amulet of guardian spirit
HPRegen 0.25/turn               o - ring of wizardry
MPRegen 0.13/turn               U - ring of resist corrosion

@: slowed, very slow
A: hooves 2, horns 1, icemail 1, powered by death 1, condensation shield,
demonic touch 2
a: Renounce Religion, Stomp


You were on level 2 of the Orcish Mines.
You worshipped Uskayaw.
Uskayaw was noncommittal.
You visited 4 branches of the dungeon, and saw 16 of its levels.

You collected 1402 gold pieces.
You spent 69 gold pieces at shops.

Inventory:

Hand Weapons
 I - the +8 Vampire's Tooth (weapon) {vamp}
   (You took it off a kobold on level 5 of the Dungeon)

   It occasionally heals its wielder for the full amount of damage dealt when it
   wounds a living foe.
Missiles
 d - 8 throwing nets
 e - 6 javelins
 g - 63 poisoned darts (quivered)
 p - 2 curare-tipped darts
 w - 20 boomerangs
 N - 8 atropa-tipped darts
Armour
 f - the +0 crystal plate armour "Ippatsoqa" (worn) {rElec}
   (You acquired it on level 3 of the Dungeon)

   rElec:     It insulates you from electricity.
 s - an orb of guile
 v - a +0 pair of boots (worn)
 x - the +1 robe of Limited Liability {*Corrode rElec Will++ Int+3}
   (You found it on level 3 of the Dungeon)

   Int:       It affects your intelligence (+3).
   rElec:     It insulates you from electricity.
   *Corrode:  It may corrode you when you take damage.
   Will:      It greatly increases your willpower.
 D - a +2 kite shield (worn)
 F - a +0 pair of gloves (worn)
 K - a +0 hat (worn)
Jewellery
 b - a ring of protection from cold
 j - an amulet of guardian spirit (around neck)
 n - an amulet of magic regeneration
 o - a ring of wizardry (left hand)
 O - a ring of protection from fire
 U - a ring of resist corrosion (right hand)
Wands
 q - a wand of flame (26)
 z - a wand of iceblast (22)
 G - a wand of polymorph (17)
 J - a wand of mindburst (18)
 R - a wand of charming (5)
Scrolls
 c - a scroll of poison
 h - 2 scrolls of brand weapon {unknown}
 m - a scroll of enchant armour {unknown}
 A - 2 scrolls of fear
 B - 2 scrolls of immolation {unknown}
 L - a scroll of silence {unknown}
 T - a scroll of torment {unknown}
Potions
 a - a potion of might
 i - 4 potions of flight
 l - 3 potions of lignification
 r - 2 potions of mutation {unknown}
 t - 2 potions of brilliance {unknown}
 u - 3 potions of attraction
 C - 2 potions of heal wounds {unknown}
 E - 2 potions of cancellation
 H - 3 potions of resistance {unknown}
 M - a potion of curing
 P - 3 potions of invisibility {unknown}
 Q - 7 potions of ambrosia
Miscellaneous
 S - a piece from Xom's chessboard (15/15)


   Skills:
 + Level 8.0 Fighting
 + Level 8.7(9.0) Short Blades
 + Level 3.4(6.5) Long Blades
 + Level 5.7 Maces & Flails
 + Level 3.5 Throwing
 + Level 9.3 Armour
 + Level 3.6 Dodging
 + Level 8.1 Stealth
 + Level 7.8 Shields
 + Level 0.7 Evocations


You had 11 spell levels left.
You didn't know any spells.
Your spell library contained the following spells:

 Spells                   Type           Power      Damage    Failure   Level
 Blink                    Tloc           0%         N/A       100%        2
 Passwall                 Tmut/Erth      0%         N/A       100%        2
 Poisonous Vapours        Pois/Air       0%         N/A       100%        2
 Static Discharge         Conj/Air       0%         N/A       100%        2
 Dazzling Flash           Conj/Hex       0%         N/A       100%        3
 Lesser Beckoning         Tloc           0%         N/A       100%        3
 Mephitic Cloud           Conj/Pois/Air  0%         N/A       100%        3
 Ozocubu's Armour         Ice            0%         N/A       100%        3
 Airstrike                Air            0%         N/A       100%        4
 Animate Dead             Necr           0%         N/A       100%        4
 Iskenderun's Mystic Bla  Conj/Tloc      0%         2d3       100%        4
 Fireball                 Conj/Fire      0%         3d3       100%        5
 Iskenderun's Battlesphe  Conj           0%         2d6       100%        5
 Lightning Bolt           Conj/Air       0%         1d11      100%        5
 Manifold Assault         Tloc           0%         N/A       100%        5
 Conjure Ball Lightning   Conj/Air       0%         3x3d6     100%        6
 Starburst                Conj/Fire      0%         6d3       100%        6
 Haunt                    Necr/Summ      0%         N/A       100%        7
 Orb of Destruction       Conj           0%         9d5       100%        7
 Ozocubu's Refrigeration  Ice            0%         4d5       100%        7
 Infestation              Necr           0%         N/A       100%        8
 Maxwell's Capacitive Co  Air            0%         ∞         100%        8


Dungeon Overview and Level Annotations

Branches:
Dungeon (12/15)            Temple (1/1) D:6            Lair (1/6) D:9
    Orc (2/2) D:12            Elf (0/3) Orc:2

Altars:
Ashenzari
Cheibriados
Dithmenos
Elyvilon
Fedhas
Gozag
Hepliaklqana
Kikubaaqudgha
Makhleb
Nemelex Xobeh
Okawaru
Qazlal
Ru
Sif Muna
Trog
Uskayaw
Vehumet
Wu Jian
Xom
Yredelemnul
Zin
The Shining One

Shops:
D:1 =   Orc:2 **[

Annotations:
D:11 2 runed translucent doors, Cheivey's ghost, journeyman GnEE
Lair:1 3 runed translucent doors, Waabatro's ghost, novice GrFi
Orc:2 1 runed translucent door, Sonja; happo123's ghost, journeyman KoEn


Innate Abilities, Weirdness & Mutations

You have hoof-like feet.
You have a pair of small horns on your head.
A meltable icy envelope protects you from harm. (AC +4)
You regenerate a little health from kills.
A meltable shield of frost defends you. (SH +4)
Your touch may inflict irresistible damage on your foes.


Message History

The orc high priest resists with some effort.
The orc looks frightened! x5
You feel very sick.
Sonja weeps quietly.
Sonja mumbles some strange words.
Sonja blinks!
An ogre mage comes into view. It is wielding a +0 flail.
The troll begs, "Please don't kill me!"
The ogre hums to itself desperately, trying to keep calm.
The ogre hits you with a +0 giant club.
* * * LOW HITPOINT WARNING * * *
As you read the scroll of teleportation, it crumbles to dust.
You feel strangely unstable.
You feel sick.
The troll gives up.
You block the ogre's attack.
The orc gives up.
An iron troll comes into view.
You hit the ogre.
You feel better.
The ogre is lightly wounded.
You feel sick.
Okay, then.
A troll comes into view.
You feel sick.
The troll shouts!
You block the ogre's attack.
The ogre mage points at you and mumbles some strange words.
You resist with significant effort.
The orc high priest attacks as you move away!
The orc high priest hits you but does no damage.
Your surroundings suddenly seem different.
An ogre comes into view. It is wielding a +0 giant club.
You feel sick.
The ogre shouts!
The orc shouts!
You hear two shouts!
You feel better.
The ogre shouts!
You block the warg's attack. The warg bites you but does no damage.
The ogre hits you with a +0 giant spiked club!
* * * LOW HITPOINT WARNING * * *
The ogre hits you with a +0 giant club!
You die...

...............#)##
...#.........+W.#
........O....#(##
.............### .....
.....#....$..# ....#
............####......
#.##.....O..#.#......
# ##.#....OO..O.....#
###......oh@..#....#
##.......#.#..oO...#..
#..$.O..).O)..$.....#
.#.####..)).#......##
#....).....#..#
##.##..#..## ..#
#....##...# ## #....
...## ##.#.##.##


You could see 2 two-headed ogres, a warg, 5 ogres, an orc wizard and an orc.

Vanquished Creatures
  3 hydras
  A boulder beetle (D:11)
  Harold (D:10)
  A two-headed ogre (Orc:2)
  Amaemon (D:8)
  An orc knight (Orc:1)
  An orc sorcerer (Orc:2)
  A manticore (D:11)
  2 black mambas (Lair:1)
  A cane toad (Lair:1)
  A gargoyle (D:11)
  An unseen horror (D:10)
  Maggie (D:8)
  An unseen horror (shapeshifter) (D:10)
  An orange demon (D:8)
  A rime drake (Lair:1)
  A kobold demonologist (D:11)
  4 trolls
  A queen bee (D:9)
  A hornet (D:11)
  Grinder (D:4)
  8 blink frogs (Lair:1)
  3 shadows
  A wraith (D:11)
  A wyvern (Lair:1)
  12 yaks
  2 basilisks (Lair:1)
  Grum (Lair:1)
  Edmund (D:4)
  3 wargs
  An acid dragon (D:9)
  3 water moccasins
  7 orc warriors
  An ice beast (D:7)
  A black bear (D:7)
  A sky beast (D:8)
  3 wolves (Lair:1)
  5 ogres
  2 phantoms
  3 centaurs
  10 kobold brigands
  9 bullfrogs
  6 gnoll sergeants
  4 scorpions
  5 wights (D:10)
  44 killer bees
  4 howler monkeys
  5 hounds
  A jelly (D:7)
  A gnoll shaman (D:8)
  9 orc priests
  4 iguanas
  12 orc wizards
  17 gnolls
  5 adders
  A shadow imp (D:7)
  A white imp (D:6)
  A worm (D:2)
  A dart slug (D:2)
  42 orcs
  9 bats
  6 endoplasms
  7 giant cockroaches
  7 goblins
  9 hobgoblins
  39 kobolds
  5 quokkas
  10 ball pythons
  7 frilled lizards
  3 rats (D:3)
370 creatures vanquished.

Vanquished Creatures (others)
  3 fungi (Lair:1)
  8 plants
11 creatures vanquished.

Grand Total: 381 creatures vanquished

Notes
Turn   | Place    | Note
-------+----------+-------------------------------------------
     0 | D:1      | xian the Demonspawn Gladiator began the quest for the Orb.
     0 | D:1      | Reached XP level 1. HP: 16/16 MP: 1/1
   169 | D:1      | Discovered your monstrous ancestry.
   169 | D:1      | Gained mutation: Your touch may inflict minor irresistible
                  | damage on your foes. [demonic ancestry]
   169 | D:1      | Reached XP level 2. HP: 12/22 MP: 2/2
   718 | D:1      | Found Kafu's Jewellery Boutique.
   809 | D:1      | Gained mutation: A meltable shield of frost defends you.
                  | (SH +4) [demonic ancestry]
   809 | D:1      | Reached XP level 3. HP: 19/27 MP: 3/3
   911 | D:1      | Found a faded altar of an unknown god.
  1718 | D:2      | Reached XP level 4. HP: 34/34 MP: 4/4
  2204 | D:3      | Identified a scroll of acquirement
  2204 | D:3      | Acquired the +0 crystal plate armour "Ippatsoqa" {rElec}
  2361 | D:3      | Reached skill level 1 in Armour
  2589 | D:3      | Identified the +1 robe of Limited Liability {*Corrode rElec
                  | Will++ Int+3}
  2983 | D:4      | Reached skill level 1 in Short Blades
  2983 | D:4      | Reached skill level 2 in Armour
  2983 | D:4      | Gained mutation: A meltable icy envelope protects you from
                  | harm. (AC +4) [demonic ancestry]
  2983 | D:4      | Reached XP level 5. HP: 30/39 MP: 3/5
  3153 | D:4      | Noticed Grinder
  3186 | D:4      | Paralysed by Grinder for 2 turns
  3201 | D:4      | Killed Grinder
  3202 | D:4      | Reached skill level 3 in Armour
  3202 | D:4      | Reached skill level 1 in Shields
  3202 | D:4      | Gained mutation: You have large cloven feet. [demonic
                  | ancestry]
  3202 | D:4      | Reached XP level 6. HP: 24/46 MP: 2/6
  3429 | D:4      | Found a radiant altar of Vehumet.
  3577 | D:4      | Noticed Edmund
  3595 | D:4      | Killed Edmund
  3596 | D:4      | Gained mutation: Your touch may inflict irresistible damage
                  | on your foes. [demonic ancestry]
  3596 | D:4      | Reached XP level 7. HP: 17/51 MP: 2/7
  4048 | D:5      | Entered Level 5 of the Dungeon
  4109 | D:5      | Acquired 673 gold pieces
  4383 | D:5      | Reached skill level 4 in Armour
  4434 | D:5      | Reached skill level 1 in Maces & Flails
  5156 | D:6      | Found a staircase to the Ecumenical Temple.
  5175 | D:6      | Gained mutation: You have hoof-like feet. [demonic
                  | ancestry]
  5175 | D:6      | Reached XP level 8. HP: 23/58 MP: 4/8
  5676 | D:6      | Reached skill level 5 in Armour
  6212 | Temple   | Entered the Ecumenical Temple
  6279 | Temple   | Became a worshipper of Uskayaw the Reveller
  6376 | D:5      | Reached * piety under Uskayaw
  6389 | D:5      | Reached ** piety under Uskayaw
  6507 | D:5      | Reached *** piety under Uskayaw
  6581 | D:5      | Reached **** piety under Uskayaw
  6799 | D:5      | Found a large runed translucent door.
  6800 | D:5      | Found a large runed translucent door.
  6811 | D:5      | Found a hazy altar of Hepliaklqana.
  6827 | D:5      | Reached skill level 5 in Maces & Flails
  6827 | D:5      | Reached skill level 1 in Stealth
  6833 | D:5      | Found a sacrificial altar of Ru.
  7050 | D:5      | Found a broken altar of Ashenzari.
  7052 | D:5      | Found an opulent altar of Gozag.
  7205 | D:7      | Reached ***** piety under Uskayaw
  7208 | D:7      | Gained mutation: You have a pair of small horns on your
                  | head. [demonic ancestry]
  7208 | D:7      | Reached XP level 9. HP: 61/65 MP: 9/9
  7213 | D:7      | Reached ****** piety under Uskayaw
  7762 | D:7      | Reached skill level 5 in Short Blades
  7981 | D:8      | Reached skill level 6 in Armour
  8018 | D:8      | Noticed Maggie
  8036 | D:8      | Killed Maggie
  8407 | D:8      | Noticed Amaemon
  8420 | D:8      | Reached XP level 10. HP: 73/73 MP: 10/10
  8420 | D:8      | Noticed an orange demon
  8433 | D:8      | Killed an orange demon
  8434 | D:8      | Reached skill level 5 in Fighting
  8436 | D:8      | Killed Amaemon
  8576 | D:8      | Found a burning altar of Makhleb.
  8576 | D:8      | Found an ornate altar of the Wu Jian Council.
  8576 | D:8      | Found a basalt altar of Yredelemnul.
  8576 | D:8      | Found a shimmering altar of Xom.
  8582 | D:8      | Noticed a five-headed hydra
  8592 | D:8      | Killed a five-headed hydra
  8593 | D:8      | Reached skill level 5 in Stealth
  8593 | D:8      | Found a stormy altar of Qazlal.
  8597 | D:8      | Found a sparkling altar of Nemelex Xobeh.
  8963 | D:9      | Reached skill level 7 in Armour
  8980 | D:9      | Found a staircase to the Lair.
  9557 | D:9      | Reached XP level 11. HP: 81/81 MP: 11/11
  9678 | Lair:1   | Entered Level 1 of the Lair of Beasts
 10015 | Lair:1   | Found a runed translucent gate.
 10015 | Lair:1   | Found a runed translucent gate.
 10016 | Lair:1   | Found a runed translucent gate.
 10023 | Lair:1   | Noticed Waabatro's ghost (novice GrFi)
 10065 | Lair:1   | Noticed Grum
 10083 | Lair:1   | Killed Grum
 10572 | Lair:1   | Reached skill level 8 in Armour
 10907 | D:10     | Entered Level 10 of the Dungeon
 10924 | D:10     | Reached skill level 5 in Shields
 11400 | D:10     | Noticed Harold
 11417 | D:10     | Killed Harold
 11858 | D:11     | Noticed a boulder beetle
 11880 | D:11     | Got the Grimoire of Lightness and Clay
 11892 | D:11     | Killed a boulder beetle
 11981 | D:11     | Gained mutation: You regenerate a little health from kills.
                  | [demonic ancestry]
 11981 | D:11     | Reached XP level 12. HP: 91/91 MP: 12/12
 12132 | D:11     | Noticed Cheivey's ghost (journeyman GnEE)
 12132 | D:11     | Noticed a lich
 12133 | D:11     | Noticed a yaktaur captain
 12133 | D:11     | Noticed a stone giant
 12219 | D:11     | Noticed a five-headed hydra
 12678 | D:11     | Found a runed translucent door.
 12681 | D:11     | Found a runed translucent door.
 12742 | D:11     | Killed a five-headed hydra
 13291 | D:12     | Noticed a six-headed hydra
 13308 | D:12     | Killed a six-headed hydra
 13348 | D:12     | Found a staircase to the Orcish Mines.
 13369 | D:12     | Reached skill level 9 in Armour
 13507 | Orc:1    | Entered Level 1 of the Orcish Mines
 13571 | Orc:2    | Entered Level 2 of the Orcish Mines
 13571 | Orc:2    | Found Kown's Assorted Antiques.
 13571 | Orc:2    | Found Pijiaq's Antique Armour Shoppe.
 13598 | Orc:2    | Noticed a two-headed ogre
 13598 | Orc:2    | Noticed Sonja
 13598 | Orc:2    | Noticed a two-headed ogre
 13598 | Orc:2    | Noticed a two-headed ogre
 13599 | Orc:2    | Noticed an orc high priest
 13599 | Orc:2    | Noticed a two-headed ogre
 13637 | Orc:1    | HP: 2/92 [orc knight/+3 battleaxe (20)]
 13730 | Orc:2    | Noticed a two-headed ogre
 13730 | Orc:2    | Noticed a two-headed ogre
 13738 | Orc:2    | Found a staircase to the Elven Halls.
 13758 | Orc:2    | Found a runed translucent door.
 13758 | Orc:2    | Found a shimmering altar of Xom.
 13758 | Orc:2    | Noticed happo123's ghost (journeyman KoEn)
 13809 | Orc:2    | Killed a two-headed ogre
 13881 | Orc:2    | Noticed a two-headed ogre
 13894 | Orc:2    | Found Uffairch's Assorted Antiques.
 13896 | Orc:2    | Bought a potion of curing for 69 gold pieces
 13896 | Orc:2    | Noticed an ogre mage
 13901 | Orc:2    | Slain by an ogre

Illustrated notes

Levels and vault maps discovered:
D:1:      roderic_crop_circles_arrival_small, layout_basic, serial_shops,
          shop_fountains, basic_ecumenical_altar, hangedman_decor_push
D:2:      layout_loops_ring, minmay_pentomino_w4
D:3:      layout_basic, minmay_splitting_lines
D:4:      layout_loops_ring, vehumet_crystals, serial_glass, glass_columns_a,
          glass_columns_a, glass_columns_b, glass_columns_a, glass_columns_a,
          glass_columns_a, uniq_edmund, uniq_grinder
D:5:      cheibrodos_thug_alley, layout_cave_pools,
          lemuel_coloured_pillars_altar, jmf_multi_god_temple2,
          nicolae_overflow_hidden_temple
D:6:      layout_cave_pods, minmay_temple_entry_waves
D:7:      layout_loops_cross
D:8:      layout_rooms, minmay_overflow_temple_hex, uniq_amaemon, uniq_maggie
D:9:      layout_roguey [special_room_bee], nicolae_tso_carved_into_rock,
          erik_lair_orcish_takeover
D:10:     layout_rooms, nicolae_concentric_dashed_squares_mild,
          minmay_crystal_water, uniq_harold
D:11:     layout_roguey, muffindrake_ghost_dual_entry,
          chequers_hall_statues_corner_a
D:12:     wad_cavern_with_rooms, layout_basic,
          kennysheep_orc_monster_closet_entryway
Temple:   jpeg_temple_island
Lair:1:   layout_small_grid, gammafunk_ghost_necromancy, lemuel_fruit_tree,
          uniq_grum
Orc:1:    layout_diamond_mine, serial_shops, nicolae_shop_behind_doors, shop
Orc:2:    st_orc_open, layout_caves, ebering_ghost_xom, basic_altar,
          statue_in_the_mist_lemuel, uniq_sonja

Skill      XL: |  1  2  3  4  5  6  7  8  9 10 11 12 |
---------------+-------------------------------------+-----
Dodging        | 3 |  3.6
Long Blades    | 3 |  3.4
Armour         | 2 3 4 5 6 7 8 9 |  9.3
Short Blades   | 1 2 3 4 5 7 8 |  8.7
Shields        | 1 2 3 4 6 7 |  7.8
Fighting       | 3 4 6 7 8 |  8.0
Maces & Flails | 2 5 |  5.7
Stealth        | 1 4 6 7 8 |  8.1
Throwing       | 2 3 |  3.5
Evocations     | |  0.7

Action                   |  1- 3 |  4- 6 |  7- 9 | 10-12 || total
-------------------------+-------+-------+-------+-------++-------
Melee: Long sword        |    69 |       |       |       ||    69
       Punch             |     3 |       |     5 |     1 ||     9
       Touch             |    21 |    24 |    57 |    32 ||   134
       Dagger            |    57 |   119 |       |       ||   176
       Flail             |       |       |   131 |       ||   131
       Quick blade       |       |       |   218 |   853 ||  1071
       Headbutt          |       |       |    22 |   183 ||   205
Throw: Dart              |       |       |    10 |    26 ||    36
Evoke: Wand              |       |       |       |     3 ||     3
  Use: Scroll            |       |     7 |     8 |    11 ||    26
       Potion            |       |     2 |     2 |     6 ||    10
 Stab: Paralysed         |       |       |    17 |    32 ||    49
Armor: Leather armour    |    51 |       |       |       ||    51
       Ring mail         |     2 |     9 |       |       ||    11
       Crystal plate arm |       |    56 |   339 |   396 ||   791
Dodge: Dodged            |    88 |    13 |    34 |    67 ||   202
Block: Other             |    13 |    14 |    53 |    19 ||    99
       Kite shield       |       |       |       |   416 ||   416

Table legend: (Time is in decaauts)
 A = Elapsed time spent in this place.
 B = Non-inter-level travel time spent in this place.
 C = Inter-level travel time spent in this place.
 D = Time resting spent in this place.
 E = Time spent auto-exploring this place.
 F = Levels seen in this place.
 G = Mean time per level.
                   A        B        C        D        E       F      G
               +--------+--------+--------+--------+--------+-----+--------+
         Total |  13308 |  12919 |    389 |   1252 |   7478 |  16 |  831.8 |
       Dungeon |  11737 |  11393 |    344 |   1028 |   6924 |  12 |  978.1 |
        Temple |    101 |    101 |      0 |      0 |     56 |   1 |  101.0 |
          Lair |   1137 |   1092 |     45 |    163 |    489 |   1 | 1137.0 |
  Orcish Mines |    332 |    332 |      0 |     61 |      9 |   2 |  166.0 |
               +--------+--------+--------+--------+--------+-----+--------+

Top non-repeatable levels by time:
     D:4: 1637 daAuts
     D:6: 1416 daAuts
    D:11: 1318 daAuts
     D:5: 1230 daAuts
  Lair:1: 1137 daAuts
     D:2: 1089 daAuts
     D:1: 1044 daAuts
     D:9: 844 daAuts
    D:10: 825 daAuts
     D:7: 737 daAuts
     D:8: 711 daAuts
     D:3: 648 daAuts
    D:12: 235 daAuts
   Orc:1: 183 daAuts
   Orc:2: 148 daAuts
